 Dungeon Crawl Stone Soup version 0.32-a0-893-gf85d74f360 (webtiles) character file.

Game seed: 16537267608267325451

23578 Lanoc the Skirmisher (level 13, 0/159 HPs)
             Began as a Coglin Hunter on Apr 3, 2024.
             Was a High Priest of Beogh.
             Slain by Morbeogh the orc apostle
             ... wielding a +2 great sword of flaming
              (9 damage)
             ... on level 13 of the Dungeon.
             The game lasted 00:19:51 (11639 turns).

Lanoc the Skirmisher (Coglin Hunter)               Turns: 11639, Time: 00:19:52

Health: 0/159      AC: 26    Str: 13    XL:     13   Next: 7%
Magic:  13/13      EV:  2    Int: 10    God:    Beogh [*****.]
Gold:   918        SH:  0    Dex: 17    Spells: 12/12 levels left

rFire   . . .        a - +2 sling (heavy) {Ramón}
rCold   . . .        c - +9 sling "Hytwoc" {speed, rElec Str+2 Dex-5}
rNeg    . . .        i - melded +4 ring mail
rPois   +            z - melded +2 hat
rElec   +            x - melded +0 cloak
rCorr   .            (gloves currently unavailable)
SInv    .            (boots currently unavailable)
Will    .....        (no amulet)
Stlth   ++           (no ring)
HPRegen 0.46/turn    (no ring)
MPRegen 0.13/turn    (no gizmo)

%: no passive effects
@: tree-form, studying Staves, invisible, revved
A: stationary, stasis, torment immunity, boosted hp, walk on water, off-hand
wielding, slow wielding, warmup strikes, (no jewellery)
a: Invent Gizmo, Renounce Religion, Smiting, Recall Apostles, Blood for Blood,
Dismiss Oreg, priest, Dismiss Benkei, wizard


You were on level 13 of the Dungeon.
You worshipped Beogh.
Beogh was extremely pleased with you.
You were a tree.
You visited 2 branches of the dungeon, and saw 15 of its levels.
You also visited: Bailey.

You collected 918 gold pieces.

Inventory:

Hand Weapons
 a - a +2 heavy sling (weapon) {Ramón}
 c - the +9 sling "Hytwoc" (offhand) {speed, rElec Str+2 Dex-5}
   (You found it on level 7 of the Dungeon)

   Str+2:     It affects your strength (+2).
   Dex-5:     It affects your dexterity (-5).
   rElec:     It insulates you from electricity.
Missiles
 F - 3 throwing nets
Armour
 d - +0 steam dragon scales
 g - +0 swamp dragon scales
 i - a +4 ring mail (melded)
 x - a +0 cloak (melded)
 z - a +2 hat (melded)
Wands
 n - a wand of paralysis (8)
 B - a wand of warping (22)
 D - a wand of polymorph (10)
 J - a wand of light (4)
Scrolls
 b - a scroll of butterflies
 e - 4 scrolls of poison
 o - 2 scrolls of torment {unknown}
 p - 3 scrolls of noise {unknown}
 s - 2 scrolls of fog {unknown}
 t - a scroll of vulnerability {unknown}
 u - 11 scrolls of teleportation {unknown}
 v - a scroll of immolation {unknown}
 y - 8 scrolls of enchant weapon
 A - 4 scrolls of enchant armour {unknown}
 C - a scroll of revelation
 H - 2 scrolls of fear {unknown}
Potions
 f - 4 potions of mutation
 h - 6 potions of curing
 j - 2 potions of invisibility
 k - 3 potions of haste
 l - 4 potions of lignification
 m - 2 potions of magic {unknown}
 q - 3 potions of might
 r - 2 potions of brilliance
 w - 2 potions of resistance {unknown}
 E - 3 potions of berserk rage
 G - 2 potions of enlightenment {unknown}
 I - a potion of attraction {unknown}


   Skills:
 + Level 11.1 Fighting
 * Level 14.4 Ranged Weapons
 + Level 10.2 Dodging
 - Level 0.7 Stealth


You had 12 spell levels left.
You didn't know any spells.
Your spell library contained the following spells:

 Spells                   Type           Power      Damage    Failure   Level
 Foxfire                  Conj/Fire      0%         2x1d4     36%         1
 Summon Small Mammal      Summ           0%         N/A       36%         1
 Call Canine Familiar     Summ           0%         N/A       75%         3
 Animate Armour           Summ/Erth      0%         N/A       98%         4
 Yara's Violent Unravell  Hex/Alch       0%         3d3       100%        5


Dungeon Overview and Level Annotations

Branches:
Dungeon (14/15)            Temple (1/1) D:5            Lair (0/5) D:10
    Orc (0/2) D:10         Bailey (visited)
 Vaults: D:13-14

Altars:
Ashenzari
Cheibriados
Dithmenos
Elyvilon
Fedhas
Gozag
Hepliaklqana
Kikubaaqudgha
Makhleb
Nemelex Xobeh
Okawaru
Qazlal
Ru
Sif Muna
Trog
Uskayaw
Vehumet
Wu Jian
Xom
Yredelemnul
Zin
The Shining One

Shops:
D:7 :

Annotations:
D:13 2 runed translucent doors, Lanoc's ghost, journeyman DrSh


Innate Abilities, Weirdness & Mutations

You are a tree.
Your roots penetrate the ground, keeping you stationary.
You cannot be teleported.
You are immune to unholy pain and torment.
Your maximum health is greatly increased.
Your equipment is partially melded.
You can walk on water.
Your facial features are unmistakably orcish.
You can wield a second weapon in your off-hand.
It takes a long time for you to wield or remove held weapons.
Your first few attacks do less damage.
((You cannot equip rings or amulets.))


Message History

Morbeogh hits you with a +2 great sword of flaming!
* * * LOW HITPOINT WARNING * * *
Morbeogh burns you.
* * * LOW HITPOINT WARNING * * *
You shoot a sling bullet.
The sling bullet closely misses Morbeogh.
You shoot a sling bullet.
The sling bullet hits Morbeogh but does no damage.
Morbeogh is almost dead.
Morbeogh hits you with a +2 great sword of flaming!
* * * LOW HITPOINT WARNING * * *
Morbeogh burns you.
* * * LOW HITPOINT WARNING * * *
You shoot a sling bullet. The sling bullet hits Morbeogh.
Morbeogh is almost dead.
You shoot a sling bullet.
The sling bullet barely misses Morbeogh.
You shoot a sling bullet. The sling bullet hits Morbeogh.
Morbeogh is almost dead.
You shoot a sling bullet.
The sling bullet hits Morbeogh but does no damage.
Morbeogh is almost dead.
Morbeogh hits you but does no damage.
You feel better.
Morbeogh hits you with a +2 great sword of flaming.
* * * LOW HITPOINT WARNING * * *
Morbeogh burns you.
* * * LOW HITPOINT WARNING * * *
You feel better.
Morbeogh hits you with a +2 great sword of flaming.
* * * LOW HITPOINT WARNING * * *
Morbeogh burns you.
* * * LOW HITPOINT WARNING * * *
You feel better.
The water nymph changes into a glowing shapeshifter!
Morbeogh hits you with a +2 great sword of flaming!!
* * * LOW HITPOINT WARNING * * *
Morbeogh burns you!
You die...
Beogh appreciates Morbeogh's killing of a heretic priest.

#.........#
#ß.ßpß.ß#.#
##.#c#.##$#
.#ß#z # .c#
### #.#J# #.#
#.#o# ##.## #
#c#.# #...#
.# ...#
#♣##..#
o.######o...#
#§#.).#...###
#.#.#...###
#>.†....#
###.###.#
...# #†#
##### #.# #.#


You could see Morbeogh the orc apostle (divinely empowered, target of
vengeance), a skeletal warrior (unable to see you), a glowing shapeshifter
(unable to see you) and a yaktaur (unable to see you).

Vanquished Creatures
  Snorg (D:11)
  A boulder beetle (D:11)
  2 two-headed ogres
  A death yak (D:10)
  An ugly thing (D:14)
  4 cyclopes
  Joseph (D:9)
  2 gargoyles
  Maggie (D:6)
  An unseen horror (D:12)
  2 trolls
  Prince Ribbit (D:7)
  2 slime creatures (D:13)
  A vampire (D:11)
  4 shadows
  A wraith (D:10)
  A wyvern (D:8)
  16 yaks
  Grum (D:11)
  A steam dragon (D:8)
  4 vampire mosquitoes (D:11)
  2 water moccasins
  7 orc warriors
  An ice beast (D:7)
  2 sky beasts
  A black bear (D:5)
  3 ogres
  3 wolves (D:11)
  23 centaurs
  A phantom (D:5)
  4 kobold brigands
  A bullfrog (D:7)
  3 gnoll sergeants
  4 scorpions
  3 wights (D:9)
  4 killer bees (D:7)
  A howler monkey (D:11)
  3 hounds
  2 orc priests
  3 jellies
  2 sleepcaps
  4 iguanas
  Ijyb (D:3)
  10 orc wizards
  2 hound zombies (D:4)
  5 gnolls (D:8)
  2 adders
  2 shadow imps (D:7)
  A white imp (D:6)
  2 ufetubi (D:5)
  3 ribbon worms
  3 dart slugs
  28 orcs
  9 ball pythons
  4 bats
  4 endoplasms
  4 giant cockroaches
  8 goblins
  5 hobgoblins
  7 jackals
  4 quokkas
  3 frilled lizards
  25 kobolds
  7 rats
265 creatures vanquished.

Vanquished Creatures (collateral kills)
  A death yak (D:10)
  4 boulder beetles
  2 unseen horrors
  2 trolls
  A slime creature (D:13)
  A wraith (D:10)
  7 yaks
  A wyvern (D:9)
  A basilisk (D:10)
  An acid dragon (D:10)
  A swamp drake (D:10)
  A black bear (D:8)
  3 centaurs (D:12)
  A bullfrog (D:9)
  An iguana (D:10)
  2 gnolls (D:8)
  An orc (D:10)
  A foxfire (D:12)
32 creatures vanquished.

Vanquished Creatures (others)
  2 orc apostles (D:13)
  8 orcs
  A hobgoblin (D:3)
  A kobold (D:3)
  77 foxfires
89 creatures vanquished.

Grand Total: 386 creatures vanquished

Notes
Turn   | Place    | Note
-------+----------+-------------------------------------------
     0 | D:1      | Lanoc the Coglin Hunter began the quest for the Orb.
     0 | D:1      | Reached XP level 1. HP: 16/16 MP: 1/1
   206 | D:1      | Reached XP level 2. HP: 22/22 MP: 2/2
   420 | D:1      | Reached skill level 4 in Ranged Weapons
   529 | D:2      | Reached XP level 3. HP: 28/28 MP: 3/3
   618 | D:2      | Reached XP level 4. HP: 34/34 MP: 4/4
   621 | D:2      | Found a faded altar of an unknown god.
   641 | D:2      | Got Plato's Almanac of the Dragon
  1096 | D:3      | Noticed Ijyb
  1097 | D:3      | Paralysed by Ijyb for 3 turns
  1107 | D:3      | Killed Ijyb
  1154 | D:3      | Reached XP level 5. HP: 41/41 MP: 5/5
  1490 | D:3      | Noticed an ogre
  1494 | D:3      | Killed an ogre
  1495 | D:3      | Reached skill level 5 in Ranged Weapons
  1495 | D:3      | Reached XP level 6. HP: 47/47 MP: 6/6
  1590 | D:3      | Became a worshipper of Beogh the Shepherd
  1943 | D:4      | Found a basalt altar of Yredelemnul.
  2214 | D:4      | Reached XP level 7. HP: 53/53 MP: 7/7
  2649 | D:5      | Entered Level 5 of the Dungeon
  2999 | D:5      | Reached skill level 6 in Ranged Weapons
  3104 | D:5      | Found a staircase to the Ecumenical Temple.
  3140 | Temple   | Entered the Ecumenical Temple
  3228 | D:5      | Found a white marble altar of Elyvilon.
  3639 | D:5      | Reached XP level 8. HP: 34/61 MP: 8/8
  3738 | D:6      | Reached skill level 7 in Ranged Weapons
  3800 | D:6      | Reached * piety under Beogh
  3801 | D:6      | Reached skill level 5 in Fighting
  3845 | D:6      | Found a shadowy altar of Dithmenos.
  4729 | D:6      | Reached skill level 5 in Dodging
  4753 | D:7      | Noticed Maggie
  4762 | D:6      | HP: 2/63 [Maggie/bolt of fire (20)]
  4777 | D:6      | Killed Maggie
  4778 | D:6      | Reached skill level 8 in Ranged Weapons
  4778 | D:6      | Reached XP level 9. HP: 43/69 MP: 9/9
  4868 | D:7      | Identified the +9 sling "Hytwoc" {speed, rElec Str+2 Dex-5}
  5137 | D:7      | Found Xuel Oqa's Self-Improvement Boutique.
  5185 | D:7      | Noticed Prince Ribbit
  5193 | D:7      | Killed Prince Ribbit
  5203 | D:7      | Found an ornate altar of the Wu Jian Council.
  5206 | D:7      | Found a bloodstained altar of Trog.
  5469 | D:8      | Reached skill level 9 in Ranged Weapons
  5480 | D:8      | Reached ** piety under Beogh
  5509 | D:8      | Found a flagged portal.
  5516 | Bailey   | Entered a bailey
  5980 | Bailey   | Reached XP level 10. HP: 73/79 MP: 10/10
  6079 | Bailey   | Reached skill level 10 in Ranged Weapons
  6576 | D:8      | Reached *** piety under Beogh
  6618 | D:8      | Anointed Oreg the priest as your apostle
  6921 | D:8      | Noticed a boulder beetle
  6933 | D:8      | Killed a boulder beetle
  6934 | D:8      | Reached skill level 11 in Ranged Weapons
  7261 | D:9      | Noticed Joseph
  7262 | D:9      | Reached XP level 11. HP: 81/87 MP: 11/11
  7268 | D:9      | Killed Joseph
  7979 | D:9      | Noticed a two-headed ogre
  7985 | D:9      | Killed a two-headed ogre
  8186 | D:10     | Entered Level 10 of the Dungeon
  8282 | D:10     | Reached skill level 12 in Ranged Weapons
  8300 | D:10     | Identified the +5 dagger of the Winnowing Hero {freeze,
                  | Str+2}
  8300 | D:10     | Noticed Benkei
  8307 | D:10     | Anointed Benkei the wizard as your apostle
  8375 | D:10     | Found a staircase to the Lair.
  8378 | D:10     | Noticed a death yak
  8386 | D:10     | Killed a death yak
  8388 | D:10     | Noticed a death yak
  8393 | D:10     | Killed a death yak
  8443 | D:10     | Reached **** piety under Beogh
  8648 | D:10     | Found a staircase to the Orcish Mines.
  9011 | D:10     | Found a snail-covered altar of Cheibriados.
  9100 | D:11     | Noticed a boulder beetle
  9111 | D:11     | Killed a boulder beetle
  9112 | D:11     | Reached XP level 12. HP: 87/97 MP: 12/12
  9236 | D:11     | Reached skill level 13 in Ranged Weapons
  9444 | D:11     | Noticed Snorg
  9446 | D:11     | Noticed a boulder beetle
  9454 | D:11     | Killed Snorg
  9455 | D:11     | Reached skill level 10 in Fighting
  9467 | D:11     | Killed a boulder beetle
  9775 | D:11     | Noticed Grum
  9782 | D:11     | Killed Grum
 10102 | D:12     | Noticed a boulder beetle
 10103 | D:12     | Reached ***** piety under Beogh
 10207 | D:12     | Killed a boulder beetle
 10328 | D:12     | Noticed a boulder beetle
 10338 | D:12     | Killed a boulder beetle
 10560 | D:12     | Got the Precepts of Massed Citrinitas
 11111 | D:12     | Reached skill level 14 in Ranged Weapons
 11323 | D:13     | Identified the +8 war axe "Tacvualola" {venom, rF+ Will+
                  | MP+9}
 11338 | D:13     | Found a runed translucent door.
 11342 | D:13     | Noticed a storm dragon
 11344 | D:13     | Noticed a lich
 11346 | D:13     | Noticed Lanoc's ghost (journeyman DrSh)
 11350 | D:13     | Found a runed translucent door.
 11353 | D:13     | Noticed an alligator
 11372 | D:13     | Noticed a centaur warrior
 11414 | D:14     | Noticed a two-headed ogre
 11420 | D:14     | Killed a two-headed ogre
 11421 | D:14     | Reached skill level 10 in Dodging
 11482 | D:14     | Reached XP level 13. HP: 35/106 MP: 13/13
 11550 | D:13     | Your ally Benkei died
 11612 | D:13     | Identified the +3 spear "Zile" {flame, *Slow rPois Str+3
                  | Int+3}
 11614 | D:13     | Your ally Oreg died
 11639 | D:13     | Slain by Morbeogh the orc apostle

Illustrated notes

Levels and vault maps discovered:
D:1:      lightli_arrival_chessboard, layout_basic
D:2:      layout_basic, shapermc_ecumenical_altar_rom_forum
D:3:      wad_river_or_something, layout_basic, uniq_ijyb
D:4:      layout_basic, lemuel_zombie_altar_yredelemnul
D:5:      layout_loops_ring, mainiacjoe_overflow_cross_hatched,
          minmay_temple_entry_hall
D:6:      layout_cave_pools, kennysheep_little_box, hangedman_glass_teeth,
          nicolae_benzene_ring, kennysheep_diamond, kennysheep_generic_room_3
D:7:      layout_rooms, grunt_temple_overflow_open, serial_curves,
          eino_curves_02, eino_curves_02, nicolae_shop_self_help,
          uniq_prince_ribbit1, uniq_maggie
D:8:      black_bear_nest_2, layout_loops_ring, enter_bailey_3,
          minmay_manual_moon
D:9:      layout_basic, uniq_joseph
D:10:     layout_rooms, mainiacjoe_overflow_small_starburst, dpeg_lair_monsters,
          erik_orc_1, serial_co_window_serial, co_window_corner_a,
          co_window_corner_a, co_window_of_opportunity_a,
          co_window_of_opportunity_a, co_window_paths_b, co_window_paths_b,
          co_window_paths_c, co_window_of_opportunity_b,
          co_window_unsneaky_path_b, co_window_broadway_c, co_window_corner_cb,
          co_window_unsneaky_path_a, glass_columns_a,
          amcnicky_mini_rare_corridor_liquid
D:11:     layout_roguey, grunt_ministairs_2, uniq_grum, uniq_snorg
D:12:     layout_layer_cave
D:13:     minmay_octagon_keep, layout_basic, muffindrake_ghost_dual_entry,
          uniq_urug
D:14:     layout_basic, erik_vaults_1, nicolae_concentric_dashed_squares_mild
Temple:   compressed_dpeg_triangle_lava_temple

Skill      XL: |  1  2  3  4  5  6  7  8  9 10 11 12 |
---------------+-------------------------------------+-----
Dodging        | 2 3 4 5 6 7 9 10 | 10.2
Ranged Weapons | 4 5 6 8 9 11 12 14 | 14.4
Fighting       | 3 4 5 7 8 9 11 | 11.1
Stealth        | |  0.7

Action                     |  1- 3 |  4- 6 |  7- 9 | 10-12 | 13-15 || total
---------------------------+-------+-------+-------+-------+-------++-------
  Melee: Sling             |       |       |    14 |       |       ||    14
   Fire: Sling             |    90 |   280 |   614 |   778 |    54 ||  1816
 Invoke: Convert to Beogh  |       |     1 |       |       |       ||     1
         Recruit Apostle   |       |       |       |     2 |       ||     2
    Use: Potion            |       |       |     4 |     2 |     5 ||    11
         Scroll            |       |       |     6 |     3 |       ||     9
 Armour: Leather armour    |     4 |    19 |   117 |       |       ||   140
         Swamp dragon scal |       |       |    23 |       |       ||    23
         Steam dragon scal |       |       |    16 |     8 |       ||    24
         Ring mail         |       |       |       |   105 |     4 ||   109
         Skin              |       |       |       |       |     8 ||     8
  Dodge: Dodged            |     8 |    16 |   147 |   119 |     6 ||   296

Table legend: (Time is in decaauts)
 A = Elapsed time spent in this place.
 B = Non-inter-level travel time spent in this place.
 C = Inter-level travel time spent in this place.
 D = Time resting spent in this place.
 E = Time spent auto-exploring this place.
 F = Levels seen in this place.
 G = Mean time per level.
                   A        B        C        D        E       F      G
               +--------+--------+--------+--------+--------+-----+--------+
         Total |  11680 |  11387 |    293 |    239 |   9307 |  16 |  730.0 |
       Dungeon |  10822 |  10529 |    293 |    237 |   8676 |  14 |  773.0 |
        Temple |      1 |      1 |      0 |      0 |      0 |   1 |    1.0 |
        Bailey |    855 |    855 |      0 |      2 |    631 |   1 |  855.0 |
               +--------+--------+--------+--------+--------+-----+--------+

Top non-repeatable levels by time:
    D:12: 1229 daAuts
     D:6: 1140 daAuts
     D:5: 1079 daAuts
     D:8: 1010 daAuts
     D:4: 963 daAuts
     D:9: 953 daAuts
    D:11: 918 daAuts
    D:10: 912 daAuts
  Bailey: 855 daAuts
     D:3: 630 daAuts
     D:2: 574 daAuts
     D:7: 539 daAuts
     D:1: 519 daAuts
    D:13: 267 daAuts
    D:14: 84 daAuts
